 Dungeon Crawl Stone Soup version 0.29-a0-409-gd843f3a48c (webtiles) character file.

Game seed: 5188971446983852867

14 zeratav the Digger (level 2, -1/17 HPs)
             Began as an Octopode Earth Elementalist on May 13, 2022.
             Killed from afar by Sigmund (7 damage)
             ... with a magic dart
             ... on level 2 of the Dungeon.
             The game lasted 00:00:56 (1053 turns).

zeratav the Digger (Octopode Earth Elementalist)    Turns: 1053, Time: 00:00:57

Health: -1/17      AC:  1    Str:  7    XL:     2   Next: 41%
Magic:  5/5        EV: 13    Int: 17    God:
Gold:   46         SH:  0    Dex: 12    Spells: 4/5 levels left

rFire   . . .      SeeInvis .   f - +0 rapier {short}
rCold   . . .      Faith    .   (no shield)
rNeg    . . .      Spirit   .   (helmet restricted)
rPois   .          Reflect  .   (no amulet)
rElec   .          Harm     .   (no ring)
rCorr   .          Rampage  .   (no ring)
Will    .....                   (no ring)
Stlth   +++.......              (no ring)
HPRegen 0.05/turn               (no ring)
MPRegen 0.09/turn               (no ring)
                                (no ring)
                                (no ring)

@: no status effects
A: almost no armour, amphibious, 8 rings, camouflage 1, gelatinous body 1,
(nimble swimmer 1), tentacles
a: no special abilities


You were on level 2 of the Dungeon.
You visited 1 branch of the dungeon, and saw 2 of its levels.

You collected 46 gold pieces.


Innate Abilities, Weirdness & Mutations

You cannot wear most types of armour.
You are amphibious.
You can wear up to eight rings at the same time.
Your skin changes colour to match your surroundings (Stealth+).
Your rubbery body absorbs attacks. (AC +1, EV +1)
((You are camouflaged when in or above water. (Stealth+)))
You have tentacles for arms and can constrict up to eight enemies at once.


   Skills:
 - Level 2.0 Dodging
 - Level 2.6 Stealth
 + Level 2.2 Spellcasting
 - Level 1.0 Transmutations
 * Level 3.5 Earth Magic


You had 4 spell levels left.
You knew the following spells:

 Your Spells              Type           Power      Damage    Failure   Level
a - Sandblast             Erth           26%        2d8       4%          1

Your spell library contained the following spells:

 Spells                   Type           Power      Damage    Failure   Level
 Passwall                 Tmut/Erth      7%         N/A       11%         2
 Stone Arrow              Conj/Erth      14%        3d7       26%         3
 Petrify                  Tmut/Erth      9%         N/A       58%         4

Inventory:

Hand Weapons
 f - a +0 rapier (weapon) {short}
   (You found it on level 1 of the Dungeon)
Missiles
 a - 66 stones {throwing}
Scrolls
 c - 2 scrolls of amnesia {unknown}
 e - a scroll of vulnerability {unknown}
Potions
 b - a potion of magic
 d - 2 potions of heal wounds {unknown}
 g - a potion of haste {unknown}
 h - a potion of cancellation {unknown}

Dungeon Overview and Level Annotations

Branches:
Dungeon (2/15)

Altars:

Annotations:
D:2 Sigmund

#.......# #######.......#
#.............#
...#####.......#
#######...#.......# .
#.........#.......# ..
#..........[......# ...
#.#######.####......# ....
#..............@....# ....#
#######.......#####@#.....#
+...................)
#..<....######.####.#
#.......# +# #....)..#
#.......# #.......#
#.......#


You could see Sigmund.


Message History

An endoplasm is nearby!
The helpless endoplasm fails to defend itself.
You hit the endoplasm. The endoplasm freezes you.
You are frozen.
HP[-1]
You take 1 damage, and now have 16/17 hp.
You hit the endoplasm.
You kill the endoplasm!
No target in view!
No target in view!
g - a coppery potion HP[+1]
Your hp is fully restored (17).
A bat comes into view.
A bat is nearby!
The bat hits you.
HP[-1]
You take 1 damage, and now have 16/17 hp.
You hit the bat but do no damage. You grab the bat. You constrict the bat.
The bat hits you.
The bat escapes!
HP[-1]
You take 1 damage, and now have 15/17 hp.
The bat barely misses you.
You hit the bat.
You kill the bat!
No target in view!
No target in view!
There is a shaft here.
You open the door.
Found a faded altar of an unknown god.
HP[+2]
Your hp is fully restored (17).
There is an open door here.
As you open the door, it creaks loudly!
There is an open door here.
There is a faded altar of an unknown god here.
There is an open door here.
There is an open door here.
A giant cockroach comes into view.
The helpless giant cockroach fails to defend itself.
You hit the giant cockroach.
You kill the giant cockroach!
No target in view!
No target in view!
No target in view!
No target in view!
A quokka comes into view.
A quokka is nearby!
You miscast Sandblast.
You are very lightly contaminated with residual magic.
Nothing appears to happen.
MP[-1]
You lost 1 mp, and now have 4/5 mp.
The blast of sand hits the quokka!
You kill the quokka!
MP[-1]
You lost 1 mp, and now have 3/5 mp.
Your magical contamination has completely faded away.
You now have 46 gold pieces (gained 5).
You see here a quokka corpse.
You open the door.
There is an open door here.
You open the door.
There is an open door here.
There is an open door here.
You see here a quokka corpse.
Done exploring.
MP[+2]
Your mp is fully restored (5).
Done exploring.
Done exploring.
(D) Dungeon
Where to? (? - help)
There is a stone staircase leading down here.
You climb downwards.
There is a stone staircase leading up here.
h - a bubbling green potion
Found a glowing cloak.
No target in view!
No target in view!
Found a stone staircase leading down.
You see here a +2 cloak.
Sigmund the Dreaded comes into view.
He is wielding a +2 vampiric scythe.
Sigmund shouts!
Sigmund looks at you with fury. Sigmund gestures at you while chanting.
The magic dart hits you!
Ouch! That really hurt!
* * * LOW HITPOINT WARNING * * *
HP[-11]
You take 11 damage, and now have 6/17 hp.
MASSIVE DAMAGE!! (PAUSE)
Casting: Sandblast (safe; 4% risk of failure)
Confirm with . or Enter, or press ? or * to list all spells.
You can't see any susceptible monsters within range! (Use Z to cast anyway.) Unknown command.
Sigmund casts a spell at you. The magic dart hits you!
You die...

Action                   || total
-------------------------++-------
Melee: Rapier            ||    14
       Constrict         ||     3
 Cast: Sandblast         ||     3
 Stab: Sleeping          ||     3
Armor: Skin              ||     1
Dodge: Dodged            ||     5

Levels and vault maps discovered:
D:1:      minmay_arrival_radiant_lines, layout_loops_cross,
          shapermc_ecumenical_altar_ellora, chequers_serial_rivers_large_b
D:2:      layout_basic, kennysheep_flooded_box, minmay_puff, uniq_robin,
          uniq_natasha, uniq_sigmund

Notes
Turn   | Place    | Note
-------+----------+-------------------------------------------
     0 | D:1      | zeratav the Octopode Earth Elementalist began the quest for
                  | the Orb.
     0 | D:1      | Reached XP level 1. HP: 11/11 MP: 3/3
     0 | D:1      | magus.rc [v1.9.6]
   373 | D:1      | Reached XP level 2. HP: 15/17 MP: 5/5
   765 | D:1      | Found a faded altar of an unknown god.
  1047 | D:2      | Noticed Sigmund
  1053 | D:2      | Killed from afar by Sigmund

Vanquished Creatures
  A ball python (D:1)
  An endoplasm (D:1)
  A giant cockroach (D:1)
  3 kobolds (D:1)
  A quokka (D:1)
  3 bats (D:1)
  2 rats (D:1)
12 creatures vanquished.

Table legend:
 A = Non-vault XP
 B = Vault XP
 C = Vault XP percentage of total XP
 D = Non-vault monster count
 E = Vault monster count
 F = Vault count percentage of total count
                 A         B        C        D         E       F
            +---------+---------+-------+---------+---------+-------
      Total |      20 |       0 |   0.0 |      12 |       0 |   0.0
            +---------+---------+-------+---------+---------+-------
        D:1 |      20 |       0 |   0.0 |      12 |       0 |   0.0
            +---------+---------+-------+---------+---------+-------

Illustrated notes

Table legend:
 A = Kills in this place as a percentage of kills in entire the game.
 B = Kills by you in this place as a percentage of kills by you in the entire game.
 C = Kills by friends in this place as a percentage of kills by friends in the entire game.
 D = Other kills in this place as a percentage of other kills in the entire game.
 E = Experience gained in this place as a percentage of experience gained in the entire game.
 F = Experience gained in this place divided by the number of levels of this place that you have seen.
                   A       B       C       D       E      F
               +-------+-------+-------+-------+-------+----------------------
         Total | 100.0 | 100.0 |   N/A |   N/A | 100.0 |  10.0
       Dungeon | 100.0 | 100.0 |   N/A |   N/A | 100.0 |  10.0
               +-------+-------+-------+-------+-------+----------------------

Table legend: (Time is in decaauts)
 A = Elapsed time spent in this place.
 B = Non-inter-level travel time spent in this place.
 C = Inter-level travel time spent in this place.
 D = Time resting spent in this place.
 E = Time spent auto-exploring this place.
 F = Levels seen in this place.
 G = Mean time per level.
                   A        B        C        D        E       F      G
               +--------+--------+--------+--------+--------+-----+--------+
         Total |   1055 |   1020 |     35 |      0 |    914 |   2 |  527.5 |
       Dungeon |   1055 |   1020 |     35 |      0 |    914 |   2 |  527.5 |
               +--------+--------+--------+--------+--------+-----+--------+

Top non-repeatable levels by time:
     D:1: 1012 daAuts
     D:2: 42 daAuts
